BlackHawks vs Bruins

Created - February 11, 2017 at 10:09

Goals
1 2 3 T
BlackHawks 0 1 1 2
Bruins 0 3 0 3
Shots
1 2 3 T
BlackHawks 6 8 14 28
Bruins 16 13 12 41

1st period

No Goal

Penalties :
Shea Weber (BOS) for Hooking (Minor) at 7:08, Deryk Engelland (CHI) for Charging (Minor) at 11:51, Patrice Bergeron (BOS) for Hooking (Minor) at 14:06, Dion Phaneuf (CHI) for Slashing (Minor) at 16:29

2nd period

1. Bruins , Connor Brown 6 (Freddie Hamilton, Noah Hanifin) at 5:54
2. Bruins , Andrew Ladd 17 (Tomas Plekanec, Corey Perry) at 11:22
3. BlackHawks , Alex Galchenyuk 23 (John-Michael Liles, Andrew Shaw) at 16:20
4. Bruins , Brendan Gallagher 16 (Leon Draisaitl, Shea Weber) at 18:12

Penalties :
Shea Weber (BOS) for Fighting (Major) at 10:08, Dion Phaneuf (CHI) for Fighting (Major) at 10:08, Kris Letang (CHI) for Goalie Interference (Minor) at 19:55

3rd period

5. BlackHawks , Jack Eichel 21 (Adam McQuaid, Artemi Panarin) at 7:22

Penalties :
Tomas Plekanec (BOS) for Hooking (Minor) at 8:27

Goalie Stats

Craig Anderson (CHI), 38 saves from 41 shots - (0.927), L, 16-22-3, 59:32 minutes
Jhonas Enroth (BOS), 26 saves from 28 shots - (0.929), W, 9-6-1, 60:00 minutes

Players Stats for BlackHawks

Player Name              G  A  P  +/- PIM S  H  SB GA TA FO     MP     PP MP  PK MP  
------------------------------------------------------------------------------------
Adam McQuaid             0  1  1   1  0   1  0  1  0  0  0/0    17:31   0:00   3:43 
Alex Galchenyuk          1  0  1   0  0   3  0  0  0  0  11/22  18:32   3:39   0:00 
Andrew Shaw              0  1  1   0  0   1  1  0  0  0  3/4    21:40   3:39   3:08 
Artemi Panarin           0  1  1   0  0   8  1  0  0  0  0/0    21:02   3:06   0:00 
Deryk Engelland          0  0  0   0  2   1  3  0  0  0  0/0    18:41   0:00   1:43 
Dion Phaneuf             0  0  0  -1  7   0  2  0  0  0  0/0    21:53   2:36   1:33 
Gabriel Landeskog        0  0  0   0  0   2  2  1  0  0  0/0    18:14   2:51   1:06 
Jack Eichel              1  0  1   0  0   4  0  0  0  0  9/24   19:38   2:18   0:00 
Jason Chimera            0  0  0  -1  0   0  1  0  0  0  0/0    11:41   0:00   0:00 
John-Michael Liles       0  1  1   0  0   0  0  0  0  0  0/0    18:57   3:21   1:04 
Kris Letang              0  0  0  -2  2   0  3  0  0  0  0/0    23:22   2:36   2:17 
Michael McCarron         0  0  0   0  0   0  0  0  0  0  0/0     4:12   0:00   0:00 
Olli Maatta              0  0  0   0  0   1  0  1  0  0  0/0    21:15   3:21   3:17 
Patrik Elias             0  0  0  -1  0   1  0  0  0  0  0/1    11:41   0:00   0:00 
Sam Bennett              0  0  0  -1  0   2  3  0  0  0  9/20   11:41   0:00   0:00 
Shane Doan               0  0  0   0  0   2  3  0  0  0  0/2    19:38   2:18   0:00 
Steve Ott                0  0  0   0  0   1  0  0  0  0  7/15    7:32   0:00   3:20 
Trevor Lewis             0  0  0   0  0   1  0  0  0  0  0/0     6:49   0:00   2:37 

Players Stats for Bruins

Player Name              G  A  P  +/- PIM S  H  SB GA TA FO     MP     PP MP  PK MP  
------------------------------------------------------------------------------------
Anders Lee               0  0  0   1  0   0  0  0  0  0  0/2     5:32   0:00   1:40 
Andrew Ladd              1  0  1   0  0   8  1  0  0  0  0/2    16:46   0:00   1:22 
Brendan Gallagher        1  0  1   1  0   2  1  0  0  0  0/2    21:40   2:55   0:00 
Carl Soderberg           0  0  0  -1  0   1  1  1  0  0  15/27  16:42   3:02   2:51 
Connor Brown             1  0  1   1  0   2  0  0  0  0  0/0     3:52   0:00   0:00 
Corey Perry              0  1  1   0  0   3  0  0  0  0  1/1    18:26   3:02   0:00 
Freddie Hamilton         0  1  1   1  0   0  1  0  0  0  1/3     3:52   0:00   0:00 
Greg Pateryn             0  0  0   0  0   0  5  2  0  0  0/0    16:43   0:00   2:49 
Joe Morrow               0  0  0   1  0   0  0  1  0  0  0/0    23:40   2:13   2:49 
Leon Draisaitl           0  1  1   1  0   3  0  0  0  0  1/2    21:56   2:55   0:16 
Melker Karlsson          0  0  0  -1  0   2  1  1  0  0  1/1    13:44   0:00   3:39 
Noah Hanifin             0  1  1   0  0   0  0  1  0  0  0/0    13:10   0:00   0:00 
P.K. Subban              0  0  0   0  0   1  3  1  0  0  0/0    25:15   3:44   3:08 
Patrice Bergeron         0  0  0   1  2   6  3  2  0  0  16/29  20:50   0:00   2:06 
Ryan Spooner             0  0  0  -1  0   4  1  0  0  0  0/0    13:07   3:02   0:00 
Shea Weber               0  1  1   1  7   3  2  0  0  0  0/0    20:15   3:44   0:00 
Tomas Plekanec           0  1  1   0  2   4  0  0  0  0  14/19  17:34   2:55   0:00 
Torey Krug               0  0  0   0  0   2  0  2  0  0  0/0    20:55   2:13   3:08 

3 Stars

1 - Brendan Gallagher (BOS)
2 - Connor Brown (BOS)
3 - Andrew Ladd (BOS)

Power Play

BlackHawks - 0 on 3 Attempt(s) - 0.00%
Bruins - 0 on 3 Attempt(s) - 0.00%

Penalty Kill

BlackHawks - 3 on 3 Attempt(s) - 100.00% - Score 0 goal in Penalty Kill
Bruins - 3 on 3 Attempt(s) - 100.00% - Score 0 goal in Penalty Kill

Team Stat

BlackHawks - Hits : 19 - Faceoff Wins : 39 - Blocked Shots : 3 - Penalty Minutes : 11
Bruins - Hits : 19 - Faceoff Wins : 49 - Blocked Shots : 11 - Penalty Minutes : 11

Official

Referees : Dan O'Halloran and Francis Charron
Linesman : Tony Sericolo and Mark Wheler

Game Notes

Shea Weber and Dion Phaneuf fight to a draw at 10:08 of 2nd period

Finance

Level 1 -- Attendance: 6355 (97.77%) -- Ticket Income $699,050
Level 2 -- Attendance: 4815 (96.30%) -- Ticket Income $361,125
Level 3 -- Attendance: 3194 (91.26%) -- Ticket Income $178,864
Level 4 -- Attendance: 1565 (100.00%) -- Ticket Income $62,600
Luxury Box -- Attendance: 877 (87.70%) -- Ticket Income $174,523
Game was played at the TD Garden.
Total Attendance: 16806 (95.68%)
Total Ticket Income: $1,476,162
Other Income: $221,424
Total Income: $1,697,586

% Time on Ice - BlackHawks

Lines # - Real PCT - Wanted PCT - Time Play
Normal Forward
1 - 36% - 34% - 17:20
2 - 30% - 33% - 14:17
3 - 25% - 22% - 11:41
4 - 9% - 11% - 4:12
Normal Defense
1 - 38% - 37% - 17:54
2 - 27% - 34% - 12:37
3 - 31% - 29% - 14:32
4 - 5% - 0% - 2:27
PP Forward
1 - 61% - 55% - 3:39
2 - 39% - 45% - 2:18
PP Defense
1 - 44% - 55% - 2:36
2 - 56% - 45% - 3:21
PK Forward
1 - 56% - 55% - 3:20
2 - 44% - 45% - 2:37
PK Defense
1 - 61% - 50% - 3:38
2 - 39% - 50% - 2:19
PK3 Forward
1 - 0% - 50%
2 - 0% - 50%
PK3 Defense
1 - 0% - 55%
2 - 0% - 45%
44 Forward
1 - 0% - 55%
2 - 0% - 45%
44 Defense
1 - 0% - 55%
2 - 0% - 45%
Last Minute Offensive  - 0:36
Last Minute Defensive  - 0:00
Total
Forward - 60:00
Defense - 60:00

% Time on Ice - Bruins

Lines # - Real PCT - Wanted PCT - Time Play
Normal Forward
1 - 40% - 40% - 18:45
2 - 31% - 30% - 14:40
3 - 21% - 20% - 10:05
4 - 8% - 10% - 3:52
Normal Defense
1 - 38% - 40% - 17:51
2 - 33% - 30% - 15:34
3 - 28% - 20% - 13:10
4 - 2% - 10% - 0:47
PP Forward
1 - 49% - 60% - 2:55
2 - 51% - 40% - 3:02
PP Defense
1 - 63% - 60% - 3:44
2 - 37% - 40% - 2:13
PK Forward
1 - 77% - 60% - 4:35
2 - 23% - 40% - 1:22
PK Defense
1 - 47% - 60% - 2:49
2 - 53% - 40% - 3:08
PK3 Forward
1 - 0% - 60%
2 - 0% - 40%
PK3 Defense
1 - 0% - 60%
2 - 0% - 40%
44 Forward
1 - 0% - 60%
2 - 0% - 40%
44 Defense
1 - 0% - 60%
2 - 0% - 40%
Last Minute Offensive  - 0:00
Last Minute Defensive  - 0:44
Total
Forward - 60:00
Defense - 60:00

Play by Play

1st period


0:01 of 1st period - Patrice Bergeron wins face-off versus Shane Doan in neutral zone.
0:11 of 1st period - Jack Eichel is hit by Patrice Bergeron and loses puck.
1:26 of 1st period - Alex Galchenyuk is hit by P.K. Subban and loses puck.
1:43 of 1st period - Shot by Tomas Plekanec.
1:43 of 1st period - Shot Misses the Net.
1:45 of 1st period - Shot by P.K. Subban.
1:45 of 1st period - Stopped by Craig Anderson with a rebound.
1:47 of 1st period - Shot by Tomas Plekanec.
1:47 of 1st period - Stopped by Craig Anderson without a rebound.
1:48 of 1st period - Sam Bennett wins face-off versus Carl Soderberg in BlackHawks zone.
1:54 of 1st period - Sam Bennett is hit by Greg Pateryn and loses puck.
1:57 of 1st period - Shot by Sam Bennett.
1:57 of 1st period - Shot Misses the Net.
1:59 of 1st period - Shot by Deryk Engelland.
1:59 of 1st period - Stopped by Jhonas Enroth without a rebound.
2:00 of 1st period - Freddie Hamilton wins face-off versus Steve Ott in Bruins zone.
2:49 of 1st period - Off-side.
2:50 of 1st period - Sam Bennett wins face-off versus Carl Soderberg in neutral zone.
2:52 of 1st period - Off-side.
2:53 of 1st period - Carl Soderberg wins face-off versus Sam Bennett in neutral zone.
3:36 of 1st period - Icing by Adam McQuaid.
3:37 of 1st period - Tomas Plekanec wins face-off versus Sam Bennett in BlackHawks zone.
4:20 of 1st period - Shot by Andrew Ladd.
4:20 of 1st period - Stopped by Craig Anderson with a rebound.
4:31 of 1st period - Off-side.
4:32 of 1st period - Jack Eichel wins face-off versus Patrice Bergeron in neutral zone.
4:55 of 1st period - Shot by Leon Draisaitl.
4:55 of 1st period - Shot Misses the Net.
4:57 of 1st period - Shot by Shea Weber.
4:57 of 1st period - Stopped by Craig Anderson without a rebound.
4:58 of 1st period - Steve Ott wins face-off versus Carl Soderberg in BlackHawks zone.
5:27 of 1st period - Shot by Michael McCarron.
5:27 of 1st period - Shot Misses the Net.
5:37 of 1st period - Shot by Ryan Spooner.
5:37 of 1st period - Stopped by Craig Anderson with a rebound.
5:39 of 1st period - Shot by Carl Soderberg.
5:39 of 1st period - Stopped by Craig Anderson with a rebound.
5:41 of 1st period - Shot by Melker Karlsson.
5:41 of 1st period - Deflect By Ryan Spooner.
5:41 of 1st period - Stopped by Craig Anderson without a rebound.
5:42 of 1st period - Jack Eichel wins face-off versus Patrice Bergeron in BlackHawks zone.
5:59 of 1st period - Shot by Patrice Bergeron.
5:59 of 1st period - Stopped by Craig Anderson without a rebound.
6:00 of 1st period - Alex Galchenyuk wins face-off versus Tomas Plekanec in BlackHawks zone.
6:07 of 1st period - Shot by Andrew Shaw.
6:07 of 1st period - Deflect By Gabriel Landeskog.
6:07 of 1st period - Shot Misses the Net.
6:28 of 1st period - Shot by Alex Galchenyuk.
6:28 of 1st period - Stopped by Jhonas Enroth without a rebound.
6:29 of 1st period - Jack Eichel wins face-off versus Patrice Bergeron in Bruins zone.
6:30 of 1st period - Shot by Artemi Panarin.
6:30 of 1st period - Shot Misses the Net.
6:32 of 1st period - Shot by Shane Doan.
6:32 of 1st period - Deflect By Jack Eichel.
6:32 of 1st period - Shot Misses the Net.
7:08 of 1st period - Minor Penalty to Shea Weber for Hooking.
7:09 of 1st period - Patrice Bergeron wins face-off versus Alex Galchenyuk in Bruins zone.
8:24 of 1st period - Gabriel Landeskog is hit by Andrew Ladd and loses puck.
8:49 of 1st period - Shot by Alex Galchenyuk.
8:49 of 1st period - Deflect By Gabriel Landeskog.
8:49 of 1st period - Stopped by Jhonas Enroth without a rebound.
8:50 of 1st period - Alex Galchenyuk wins face-off versus Patrice Bergeron in Bruins zone.
9:00 of 1st period - Icing by Dion Phaneuf.
9:01 of 1st period - Patrice Bergeron wins face-off versus Alex Galchenyuk in BlackHawks zone.
9:32 of 1st period - Shot by Sam Bennett.
9:32 of 1st period - Stopped by Jhonas Enroth without a rebound.
9:33 of 1st period - Steve Ott wins face-off versus Patrice Bergeron in Bruins zone.
10:18 of 1st period - Shot by Leon Draisaitl.
10:18 of 1st period - Stopped by Craig Anderson without a rebound.
10:19 of 1st period - Alex Galchenyuk wins face-off versus Tomas Plekanec in BlackHawks zone.
10:30 of 1st period - Shot by Tomas Plekanec.
10:30 of 1st period - Stopped by Craig Anderson with a rebound.
10:32 of 1st period - Shot by Andrew Ladd.
10:32 of 1st period - Stopped by Craig Anderson without a rebound.
10:33 of 1st period - Jack Eichel wins face-off versus Carl Soderberg in BlackHawks zone.
10:37 of 1st period - Shane Doan is hit by Greg Pateryn and loses puck.
10:42 of 1st period - Shot by Artemi Panarin.
10:42 of 1st period - Stopped by Jhonas Enroth without a rebound.
10:43 of 1st period - Alex Galchenyuk wins face-off versus Tomas Plekanec in Bruins zone.
11:20 of 1st period - Shot by Andrew Ladd.
11:20 of 1st period - Stopped by Craig Anderson without a rebound.
11:21 of 1st period - Patrice Bergeron wins face-off versus Jack Eichel in BlackHawks zone.
11:38 of 1st period - Shot by Patrice Bergeron.
11:38 of 1st period - Shot Misses the Net.
11:50 of 1st period - Shot by Brendan Gallagher.
11:50 of 1st period - Deflect By Leon Draisaitl.
11:50 of 1st period - Shot Misses the Net.
11:51 of 1st period - Minor Penalty to Deryk Engelland for Charging.
11:52 of 1st period - Carl Soderberg wins face-off versus Steve Ott in BlackHawks zone.
11:57 of 1st period - Shot by Corey Perry.
11:57 of 1st period - Shot Blocked by Olli Maatta.
11:59 of 1st period - Shot by Corey Perry.
11:59 of 1st period - Stopped by Craig Anderson with a rebound.
12:03 of 1st period - Shot by Shea Weber.
12:03 of 1st period - Shot Misses the Net.
12:05 of 1st period - Shot by Ryan Spooner.
12:05 of 1st period - Stopped by Craig Anderson without a rebound.
12:06 of 1st period - Steve Ott wins face-off versus Tomas Plekanec in BlackHawks zone.
12:40 of 1st period - Shot by Leon Draisaitl.
12:40 of 1st period - Shot Misses the Net.
12:42 of 1st period - Shot by Joe Morrow.
12:42 of 1st period - Shot Misses the Net.
12:44 of 1st period - Shot by Tomas Plekanec.
12:44 of 1st period - Shot Misses the Net.
12:46 of 1st period - Shot by Torey Krug.
12:46 of 1st period - Stopped by Craig Anderson without a rebound.
12:47 of 1st period - Steve Ott wins face-off versus Carl Soderberg in BlackHawks zone.
12:47 of 1st period - Steve Ott is hit by Ryan Spooner.
13:57 of 1st period - Off-side.
13:58 of 1st period - Patrice Bergeron wins face-off versus Jack Eichel in neutral zone.
14:05 of 1st period - Shot by Leon Draisaitl.
14:05 of 1st period - Shot Misses the Net.
14:06 of 1st period - Minor Penalty to Patrice Bergeron for Hooking.
14:07 of 1st period - Jack Eichel wins face-off versus Anders Lee in Bruins zone.
14:42 of 1st period - Shot by Jack Eichel.
14:42 of 1st period - Stopped by Jhonas Enroth without a rebound.
14:43 of 1st period - Alex Galchenyuk wins face-off versus Carl Soderberg in Bruins zone.
15:22 of 1st period - Icing by Olli Maatta.
15:23 of 1st period - Alex Galchenyuk wins face-off versus Anders Lee in BlackHawks zone.
16:22 of 1st period - Shot by Corey Perry.
16:22 of 1st period - Shot Misses the Net.
16:24 of 1st period - Shot by Shea Weber.
16:24 of 1st period - Stopped by Craig Anderson without a rebound.
16:25 of 1st period - Steve Ott wins face-off versus Patrice Bergeron in BlackHawks zone.
16:29 of 1st period - Minor Penalty to Dion Phaneuf for Slashing.
16:30 of 1st period - Tomas Plekanec wins face-off versus Steve Ott in BlackHawks zone.
16:33 of 1st period - Shot by Shea Weber.
16:33 of 1st period - Shot Blocked by Adam McQuaid.
17:53 of 1st period - Adam McQuaid is hit by Carl Soderberg.
18:16 of 1st period - Icing by Torey Krug.
18:17 of 1st period - Carl Soderberg wins face-off versus Steve Ott in Bruins zone.
Goals for this period are 0 for BlackHawks vs 0 for Bruins.
Shots for this period are 6 for BlackHawks vs 16 for Bruins.

2nd period


0:01 of 2nd period - Andrew Shaw wins face-off versus Patrice Bergeron in neutral zone.
0:05 of 2nd period - Kris Letang is hit by Shea Weber.
0:20 of 2nd period - Off-side.
0:21 of 2nd period - Sam Bennett wins face-off versus Andrew Ladd in neutral zone.
1:24 of 2nd period - Icing by Brendan Gallagher.
1:25 of 2nd period - Patrice Bergeron wins face-off versus Alex Galchenyuk in Bruins zone.
1:48 of 2nd period - Shot by Gabriel Landeskog.
1:48 of 2nd period - Shot Misses the Net.
1:52 of 2nd period - Shot by Gabriel Landeskog.
1:52 of 2nd period - Stopped by Jhonas Enroth with a rebound.
2:44 of 2nd period - Shot by Artemi Panarin.
2:44 of 2nd period - Stopped by Jhonas Enroth without a rebound.
2:45 of 2nd period - Steve Ott wins face-off versus Andrew Ladd in Bruins zone.
3:06 of 2nd period - Shot by Tomas Plekanec.
3:06 of 2nd period - Stopped by Craig Anderson without a rebound.
3:07 of 2nd period - Carl Soderberg wins face-off versus Jack Eichel in BlackHawks zone.
3:07 of 2nd period - Melker Karlsson is hit by Deryk Engelland and loses puck.
3:37 of 2nd period - Icing by Carl Soderberg.
3:38 of 2nd period - Carl Soderberg wins face-off versus Alex Galchenyuk in Bruins zone.
4:49 of 2nd period - Tomas Plekanec is hit by Dion Phaneuf and loses puck.
5:14 of 2nd period - Shot by Patrice Bergeron.
5:14 of 2nd period - Stopped by Craig Anderson without a rebound.
5:15 of 2nd period - Sam Bennett wins face-off versus Freddie Hamilton in BlackHawks zone.
5:54 of 2nd period - Shot by Connor Brown.
5:54 of 2nd period - Goal by Connor Brown - BlackHawks : 0 - Bruins : 1.
5:55 of 2nd period - Patrice Bergeron wins face-off versus Jack Eichel in neutral zone.
5:57 of 2nd period - Off-side.
5:58 of 2nd period - Jack Eichel wins face-off versus Patrice Bergeron in neutral zone.
5:58 of 2nd period - Jack Eichel is hit by Brendan Gallagher.
6:40 of 2nd period - Shot by Brendan Gallagher.
6:40 of 2nd period - Stopped by Craig Anderson without a rebound.
6:41 of 2nd period - Tomas Plekanec wins face-off versus Sam Bennett in BlackHawks zone.
7:47 of 2nd period - Icing by Deryk Engelland.
7:48 of 2nd period - Andrew Shaw wins face-off versus Leon Draisaitl in BlackHawks zone.
7:53 of 2nd period - Brendan Gallagher is hit by Gabriel Landeskog and loses puck.
8:06 of 2nd period - Shot by Brendan Gallagher.
8:06 of 2nd period - Shot Misses the Net.
8:14 of 2nd period - Shot by Leon Draisaitl.
8:14 of 2nd period - Stopped by Craig Anderson with a rebound.
9:02 of 2nd period - Shot by Artemi Panarin.
9:02 of 2nd period - Stopped by Jhonas Enroth without a rebound.
9:03 of 2nd period - Sam Bennett wins face-off versus Freddie Hamilton in Bruins zone.
9:14 of 2nd period - Shot by Connor Brown.
9:14 of 2nd period - Stopped by Craig Anderson without a rebound.
9:15 of 2nd period - Tomas Plekanec wins face-off versus Jack Eichel in BlackHawks zone.
9:36 of 2nd period - Shot by Artemi Panarin.
9:36 of 2nd period - Shot Misses the Net.
9:38 of 2nd period - Shot by Artemi Panarin.
9:38 of 2nd period - Stopped by Jhonas Enroth with a rebound.
9:46 of 2nd period - Shot by Shane Doan.
9:46 of 2nd period - Shot Misses the Net.
9:48 of 2nd period - Shot by Shane Doan.
9:48 of 2nd period - Deflect By Artemi Panarin.
9:48 of 2nd period - Stopped by Jhonas Enroth without a rebound.
9:49 of 2nd period - Patrice Bergeron wins face-off versus Patrik Elias in Bruins zone.
9:49 of 2nd period - Patrice Bergeron is hit by Sam Bennett.
10:08 of 2nd period - Shea Weber and Dion Phaneuf fight to a draw.
10:08 of 2nd period - Penalty to Shea Weber for Fighting.
10:08 of 2nd period - Penalty to Dion Phaneuf for Fighting.
10:09 of 2nd period - Andrew Shaw wins face-off versus Carl Soderberg in neutral zone.
10:22 of 2nd period - Shot by Alex Galchenyuk.
10:22 of 2nd period - Shot Blocked by Torey Krug.
10:24 of 2nd period - Shot by Alex Galchenyuk.
10:24 of 2nd period - Shot Blocked by Carl Soderberg.
10:36 of 2nd period - Shot by Alex Galchenyuk.
10:36 of 2nd period - Deflect By Andrew Shaw.
10:36 of 2nd period - Stopped by Jhonas Enroth without a rebound.
10:37 of 2nd period - Patrice Bergeron wins face-off versus Jack Eichel in Bruins zone.
10:37 of 2nd period - Patrice Bergeron is hit by Shane Doan.
11:02 of 2nd period - Off-side.
11:03 of 2nd period - Tomas Plekanec wins face-off versus Alex Galchenyuk in neutral zone.
11:22 of 2nd period - Shot by Andrew Ladd.
11:22 of 2nd period - Goal by Andrew Ladd - BlackHawks : 0 - Bruins : 2.
11:23 of 2nd period - Patrice Bergeron wins face-off versus Jack Eichel in neutral zone.
11:36 of 2nd period - Shot by John-Michael Liles.
11:36 of 2nd period - Shot Blocked by P.K. Subban.
11:38 of 2nd period - Shot by Artemi Panarin.
11:38 of 2nd period - Shot Misses the Net.
11:48 of 2nd period - Shot by Shane Doan.
11:48 of 2nd period - Shot Blocked by Patrice Bergeron.
11:50 of 2nd period - Shot by Deryk Engelland.
11:50 of 2nd period - Shot Misses the Net.
11:52 of 2nd period - Shot by Shane Doan.
11:52 of 2nd period - Stopped by Jhonas Enroth without a rebound.
11:53 of 2nd period - Alex Galchenyuk wins face-off versus Carl Soderberg in Bruins zone.
12:30 of 2nd period - Shot by Ryan Spooner.
12:30 of 2nd period - Stopped by Craig Anderson without a rebound.
12:31 of 2nd period - Patrice Bergeron wins face-off versus Jack Eichel in BlackHawks zone.
12:36 of 2nd period - Shot by Leon Draisaitl.
12:36 of 2nd period - Shot Misses the Net.
12:44 of 2nd period - Shot by Shane Doan.
12:44 of 2nd period - Shot Misses the Net.
12:48 of 2nd period - Shot by Jack Eichel.
12:48 of 2nd period - Shot Blocked by Patrice Bergeron.
12:52 of 2nd period - Shot by Artemi Panarin.
12:52 of 2nd period - Shot Misses the Net.
13:11 of 2nd period - Shot by Artemi Panarin.
13:11 of 2nd period - Shot Misses the Net.
13:58 of 2nd period - Andrew Ladd is hit by Jason Chimera.
14:13 of 2nd period - Icing by Olli Maatta.
14:14 of 2nd period - Sam Bennett wins face-off versus Carl Soderberg in BlackHawks zone.
14:21 of 2nd period - Icing by Torey Krug.
14:22 of 2nd period - Carl Soderberg wins face-off versus Alex Galchenyuk in Bruins zone.
14:37 of 2nd period - Icing by P.K. Subban.
14:38 of 2nd period - Jack Eichel wins face-off versus Carl Soderberg in Bruins zone.
14:55 of 2nd period - Shot by Artemi Panarin.
14:55 of 2nd period - Shot Blocked by Torey Krug.
15:35 of 2nd period - Kris Letang is hit by Patrice Bergeron and loses puck.
15:46 of 2nd period - Shot by Patrice Bergeron.
15:46 of 2nd period - Shot Misses the Net.
15:48 of 2nd period - Shot by Shea Weber.
15:48 of 2nd period - Stopped by Craig Anderson without a rebound.
15:49 of 2nd period - Tomas Plekanec wins face-off versus Alex Galchenyuk in BlackHawks zone.
15:56 of 2nd period - Shot by Andrew Ladd.
15:56 of 2nd period - Shot Misses the Net.
16:16 of 2nd period - Shot by Alex Galchenyuk.
16:16 of 2nd period - Shot Misses the Net.
16:18 of 2nd period - Shot by Andrew Shaw.
16:18 of 2nd period - Deflect By Alex Galchenyuk.
16:18 of 2nd period - Shot Blocked by Greg Pateryn.
16:20 of 2nd period - Shot by John-Michael Liles.
16:20 of 2nd period - Deflect By Alex Galchenyuk.
16:20 of 2nd period - Goal by Alex Galchenyuk - BlackHawks : 1 - Bruins : 2.
16:21 of 2nd period - Sam Bennett wins face-off versus Patrice Bergeron in neutral zone.
16:45 of 2nd period - Leon Draisaitl is hit by Dion Phaneuf and loses puck.
16:51 of 2nd period - Icing by Deryk Engelland.
16:52 of 2nd period - Corey Perry wins face-off versus Sam Bennett in BlackHawks zone.
16:57 of 2nd period - Shot by Andrew Ladd.
16:57 of 2nd period - Stopped by Craig Anderson without a rebound.
16:58 of 2nd period - Tomas Plekanec wins face-off versus Andrew Shaw in BlackHawks zone.
17:07 of 2nd period - Shot by Andrew Ladd.
17:07 of 2nd period - Shot Blocked by Gabriel Landeskog.
17:58 of 2nd period - Icing by Kris Letang.
17:59 of 2nd period - Patrice Bergeron wins face-off versus Jack Eichel in BlackHawks zone.
18:12 of 2nd period - Shot by Brendan Gallagher.
18:12 of 2nd period - Goal by Brendan Gallagher - BlackHawks : 1 - Bruins : 3.
18:13 of 2nd period - Carl Soderberg wins face-off versus Sam Bennett in neutral zone.
18:17 of 2nd period - Melker Karlsson is hit by Sam Bennett and loses puck.
18:26 of 2nd period - Shot by Ryan Spooner.
18:26 of 2nd period - Shot Misses the Net.
18:28 of 2nd period - Shot by Greg Pateryn.
18:28 of 2nd period - Shot Misses the Net.
18:30 of 2nd period - Shot by Greg Pateryn.
18:30 of 2nd period - Shot Misses the Net.
18:32 of 2nd period - Shot by Melker Karlsson.
18:32 of 2nd period - Shot Misses the Net.
18:39 of 2nd period - Carl Soderberg is hit by Deryk Engelland and loses puck.
18:46 of 2nd period - Shot by Melker Karlsson.
18:46 of 2nd period - Stopped by Craig Anderson with a rebound.
18:48 of 2nd period - Shot by Noah Hanifin.
18:48 of 2nd period - Shot Misses the Net.
18:50 of 2nd period - Shot by Melker Karlsson.
18:50 of 2nd period - Stopped by Craig Anderson without a rebound.
18:51 of 2nd period - Alex Galchenyuk wins face-off versus Patrice Bergeron in BlackHawks zone.
19:17 of 2nd period - Off-side.
19:18 of 2nd period - Tomas Plekanec wins face-off versus Jack Eichel in neutral zone.
19:26 of 2nd period - Torey Krug is hit by Kris Letang.
19:39 of 2nd period - Tomas Plekanec is hit by Kris Letang and loses puck.
19:55 of 2nd period - Minor Penalty to Kris Letang for Goalie Interference.
19:56 of 2nd period - Tomas Plekanec wins face-off versus Steve Ott in BlackHawks zone.
Goals for this period are 1 for BlackHawks vs 3 for Bruins.
Shots for this period are 8 for BlackHawks vs 13 for Bruins.

3rd period


0:01 of 3rd period - Leon Draisaitl wins face-off versus Steve Ott in neutral zone.
0:43 of 3rd period - Shot by Shea Weber.
0:43 of 3rd period - Shot Misses the Net.
1:16 of 3rd period - Shot by Torey Krug.
1:16 of 3rd period - Shot Misses the Net.
1:18 of 3rd period - Shot by Torey Krug.
1:18 of 3rd period - Deflect By Corey Perry.
1:18 of 3rd period - Stopped by Craig Anderson without a rebound.
1:19 of 3rd period - Steve Ott wins face-off versus Carl Soderberg in BlackHawks zone.
1:38 of 3rd period - Shot by Torey Krug.
1:38 of 3rd period - Stopped by Craig Anderson without a rebound.
1:39 of 3rd period - Carl Soderberg wins face-off versus Steve Ott in BlackHawks zone.
1:56 of 3rd period - Artemi Panarin is hit by Freddie Hamilton and loses puck.
2:18 of 3rd period - Jack Eichel is hit by Greg Pateryn and loses puck.
2:21 of 3rd period - Shot by Artemi Panarin.
2:21 of 3rd period - Stopped by Jhonas Enroth with a rebound.
2:23 of 3rd period - Shot by Jack Eichel.
2:23 of 3rd period - Shot Blocked by Noah Hanifin.
2:25 of 3rd period - Shot by Shane Doan.
2:25 of 3rd period - Shot Misses the Net.
2:33 of 3rd period - Shot by Artemi Panarin.
2:33 of 3rd period - Stopped by Jhonas Enroth without a rebound.
2:34 of 3rd period - Sam Bennett wins face-off versus Brendan Gallagher in Bruins zone.
2:41 of 3rd period - Shot by Patrik Elias.
2:41 of 3rd period - Stopped by Jhonas Enroth without a rebound.
2:42 of 3rd period - Alex Galchenyuk wins face-off versus Brendan Gallagher in Bruins zone.
3:52 of 3rd period - Shot by Tomas Plekanec.
3:52 of 3rd period - Stopped by Craig Anderson without a rebound.
3:53 of 3rd period - Carl Soderberg wins face-off versus Sam Bennett in BlackHawks zone.
4:09 of 3rd period - Off-side.
4:10 of 3rd period - Tomas Plekanec wins face-off versus Jack Eichel in neutral zone.
4:31 of 3rd period - Artemi Panarin is hit by P.K. Subban and loses puck.
5:11 of 3rd period - Andrew Ladd is hit by Gabriel Landeskog and loses puck.
5:15 of 3rd period - Off-side.
5:16 of 3rd period - Patrice Bergeron wins face-off versus Sam Bennett in neutral zone.
5:16 of 3rd period - Patrice Bergeron is hit by Sam Bennett.
5:31 of 3rd period - Shot by Jason Chimera.
5:31 of 3rd period - Deflect By Sam Bennett.
5:31 of 3rd period - Shot Misses the Net.
5:47 of 3rd period - Leon Draisaitl is hit by Deryk Engelland and loses puck.
7:05 of 3rd period - Icing by Noah Hanifin.
7:06 of 3rd period - Carl Soderberg wins face-off versus Shane Doan in Bruins zone.
7:06 of 3rd period - Carl Soderberg is hit by Artemi Panarin.
7:18 of 3rd period - Shot by Jack Eichel.
7:18 of 3rd period - Stopped by Jhonas Enroth with a rebound.
7:20 of 3rd period - Shot by Adam McQuaid.
7:20 of 3rd period - Stopped by Jhonas Enroth with a rebound.
7:22 of 3rd period - Shot by Jack Eichel.
7:22 of 3rd period - Goal by Jack Eichel - BlackHawks : 2 - Bruins : 3.
7:23 of 3rd period - Tomas Plekanec wins face-off versus Steve Ott in neutral zone.
7:36 of 3rd period - Shot by Corey Perry.
7:36 of 3rd period - Stopped by Craig Anderson without a rebound.
7:37 of 3rd period - Carl Soderberg wins face-off versus Jack Eichel in BlackHawks zone.
7:37 of 3rd period - Carl Soderberg is hit by Kris Letang.
7:48 of 3rd period - Artemi Panarin is hit by Greg Pateryn and loses puck.
7:57 of 3rd period - Kris Letang is hit by Melker Karlsson and loses puck.
8:13 of 3rd period - Ryan Spooner is hit by Shane Doan and loses puck.
8:27 of 3rd period - Minor Penalty to Tomas Plekanec for Hooking.
8:28 of 3rd period - Melker Karlsson wins face-off versus Alex Galchenyuk in Bruins zone.
9:04 of 3rd period - Alex Galchenyuk is hit by Greg Pateryn.
9:30 of 3rd period - Shot by Patrice Bergeron.
9:30 of 3rd period - Stopped by Craig Anderson with a rebound.
9:35 of 3rd period - Icing by Gabriel Landeskog.
9:36 of 3rd period - Carl Soderberg wins face-off versus Jack Eichel in BlackHawks zone.
10:04 of 3rd period - Icing by John-Michael Liles.
10:05 of 3rd period - Alex Galchenyuk wins face-off versus Patrice Bergeron in BlackHawks zone.
10:10 of 3rd period - Shot by Patrice Bergeron.
10:10 of 3rd period - Shot Misses the Net.
10:12 of 3rd period - Shot by Patrice Bergeron.
10:12 of 3rd period - Stopped by Craig Anderson without a rebound.
10:13 of 3rd period - Alex Galchenyuk wins face-off versus Patrice Bergeron in BlackHawks zone.
10:45 of 3rd period - Icing by Torey Krug.
10:46 of 3rd period - Tomas Plekanec wins face-off versus Sam Bennett in Bruins zone.
10:52 of 3rd period - Icing by Kris Letang.
10:53 of 3rd period - Patrice Bergeron wins face-off versus Sam Bennett in BlackHawks zone.
12:09 of 3rd period - Off-side.
12:10 of 3rd period - Carl Soderberg wins face-off versus Alex Galchenyuk in neutral zone.
12:25 of 3rd period - Shot by Gabriel Landeskog.
12:25 of 3rd period - Shot Blocked by Melker Karlsson.
12:27 of 3rd period - Shot by Olli Maatta.
12:27 of 3rd period - Stopped by Jhonas Enroth without a rebound.
12:28 of 3rd period - Tomas Plekanec wins face-off versus Jack Eichel in Bruins zone.
12:41 of 3rd period - Shot by Andrew Ladd.
12:41 of 3rd period - Stopped by Craig Anderson with a rebound.
13:09 of 3rd period - Shot by Andrew Ladd.
13:09 of 3rd period - Stopped by Craig Anderson with a rebound.
13:33 of 3rd period - Shot by Patrice Bergeron.
13:33 of 3rd period - Stopped by Craig Anderson without a rebound.
13:34 of 3rd period - Carl Soderberg wins face-off versus Alex Galchenyuk in BlackHawks zone.
14:40 of 3rd period - Shot by Patrice Bergeron.
14:40 of 3rd period - Shot Misses the Net.
14:42 of 3rd period - Shot by Patrice Bergeron.
14:42 of 3rd period - Stopped by Craig Anderson without a rebound.
14:43 of 3rd period - Sam Bennett wins face-off versus Tomas Plekanec in BlackHawks zone.
14:54 of 3rd period - Shot by Sam Bennett.
14:54 of 3rd period - Stopped by Jhonas Enroth without a rebound.
14:55 of 3rd period - Jack Eichel wins face-off versus Patrice Bergeron in Bruins zone.
14:59 of 3rd period - Jack Eichel is hit by Shea Weber.
15:19 of 3rd period - Shot by Patrice Bergeron.
15:19 of 3rd period - Shot Misses the Net.
15:21 of 3rd period - Shot by Patrice Bergeron.
15:21 of 3rd period - Shot Misses the Net.
15:46 of 3rd period - Gabriel Landeskog is hit by Patrice Bergeron and loses puck.
16:07 of 3rd period - Shot by Andrew Ladd.
16:07 of 3rd period - Stopped by Craig Anderson with a rebound.
16:09 of 3rd period - Shot by Andrew Ladd.
16:09 of 3rd period - Shot Misses the Net.
16:11 of 3rd period - Shot by Torey Krug.
16:11 of 3rd period - Shot Misses the Net.
16:55 of 3rd period - Shot by Trevor Lewis.
16:55 of 3rd period - Shot Misses the Net.
16:57 of 3rd period - Shot by Steve Ott.
16:57 of 3rd period - Stopped by Jhonas Enroth with a rebound.
16:59 of 3rd period - Shot by Trevor Lewis.
16:59 of 3rd period - Stopped by Jhonas Enroth without a rebound.
17:00 of 3rd period - Jack Eichel wins face-off versus Carl Soderberg in Bruins zone.
17:07 of 3rd period - Shot by Artemi Panarin.
17:07 of 3rd period - Stopped by Jhonas Enroth without a rebound.
17:08 of 3rd period - Carl Soderberg wins face-off versus Jack Eichel in Bruins zone.
17:08 of 3rd period - Ryan Spooner is hit by Shane Doan and loses puck.
17:15 of 3rd period - Shot by Shane Doan.
17:15 of 3rd period - Shot Misses the Net.
17:27 of 3rd period - Shot by Shane Doan.
17:27 of 3rd period - Shot Misses the Net.
17:35 of 3rd period - Shot by Artemi Panarin.
17:35 of 3rd period - Shot Misses the Net.
17:37 of 3rd period - Shot by Shane Doan.
17:37 of 3rd period - Shot Misses the Net.
17:39 of 3rd period - Shot by Kris Letang.
17:39 of 3rd period - Shot Blocked by Joe Morrow.
17:41 of 3rd period - Shot by Shane Doan.
17:41 of 3rd period - Deflect By Artemi Panarin.
17:41 of 3rd period - Shot Misses the Net.
17:43 of 3rd period - Shot by Shane Doan.
17:43 of 3rd period - Stopped by Jhonas Enroth with a rebound.
17:45 of 3rd period - Shot by Jack Eichel.
17:45 of 3rd period - Stopped by Jhonas Enroth without a rebound.
17:46 of 3rd period - Patrice Bergeron wins face-off versus Alex Galchenyuk in Bruins zone.
18:01 of 3rd period - Brendan Gallagher is hit by Andrew Shaw and loses puck.
18:07 of 3rd period - Off-side.
18:08 of 3rd period - Tomas Plekanec wins face-off versus Sam Bennett in neutral zone.
18:22 of 3rd period - Icing by John-Michael Liles.
18:23 of 3rd period - Patrice Bergeron wins face-off versus Sam Bennett in BlackHawks zone.
18:26 of 3rd period - Shot by Leon Draisaitl.
18:26 of 3rd period - Shot Misses the Net.
18:28 of 3rd period - Shot by Leon Draisaitl.
18:28 of 3rd period - Stopped by Craig Anderson with a rebound.
18:30 of 3rd period - Shot by Shea Weber.
18:30 of 3rd period - Shot Misses the Net.
19:32 of 3rd period - BlackHawks, Craig Anderson is pulled from the net.
19:46 of 3rd period - Kris Letang is hit by P.K. Subban and loses puck.
19:55 of 3rd period - Shot by Alex Galchenyuk.
19:55 of 3rd period - Stopped by Jhonas Enroth with a rebound.
19:57 of 3rd period - Shot by Andrew Shaw.
19:57 of 3rd period - Shot Blocked by Greg Pateryn.
Goals for this period are 1 for BlackHawks vs 0 for Bruins.
Shots for this period are 14 for BlackHawks vs 12 for Bruins.